 Dungeon Crawl Stone Soup version 0.28-a0-1130-gc51a68064b (webtiles) character file.

Game seed: 5050565455671555404

175 ragingrage the Charlatan (level 5, 0/33 HPs)
             Began as a Gargoyle Artificer on Dec 12, 2021.
             Slain by an orc (5 damage)
             ... on level 4 of the Dungeon.
             The game lasted 00:03:59 (4986 turns).

ragingrage the Charlatan (Gargoyle Artificer)       Turns: 4986, Time: 00:04:00

Health: 0/33       AC:  8    Str: 16    XL:     5   Next: 55%
Magic:  14/14      EV: 11    Int: 11    God:
Gold:   23         SH:  0    Dex: 12    Spells: 4/4 levels left

rFire   . . .      SeeInvis .   j - staff of air
rCold   . . .      Faith    .   (no shield)
rNeg    + . .      Spirit   .   b - +0 leather armour
rPois   ∞          Reflect  .   (no helmet)
rElec   +          Harm     .   g - +0 cloak
rCorr   .          Rampage  .   (no gloves)
Will    .....                   (no boots)
Stlth   +.........              (no amulet)
HPRegen 0.11/turn               a - ring of magical power
MPRegen 0.14/turn               (no ring)

@: no status effects
A: sickness immunity, AC +4, negative energy resistance 1, electricity
resistance, torment resistance 1, petrification resistance
a: no special abilities


You were on level 4 of the Dungeon.
You visited 1 branch of the dungeon, and saw 4 of its levels.

You collected 215 gold pieces.
You spent 192 gold pieces at shops.

Inventory:

Hand Weapons
 h - a +0 short sword
 v - a +0 hand axe
Missiles
 k - a throwing net
 l - 5 boomerangs (quivered)
Armour
 b - a +0 leather armour (worn)
 g - a +0 cloak (worn)
Magical Staves
 j - a staff of air (weapon)
Jewellery
 a - a ring of magical power (left hand)
Wands
 c - a wand of flame (14)
 d - a wand of charming (10)
Scrolls
 f - 3 scrolls of identify {unknown}
 n - a scroll of brand weapon {unknown}
 p - a scroll of fog {unknown}
 r - a scroll of immolation {unknown}
 s - 2 scrolls of teleportation {unknown}
 t - 2 scrolls of torment {unknown}
 u - a scroll of amnesia {unknown}
 y - a scroll of blinking {unknown}
Potions
 i - a potion of cancellation {unknown}
 m - 3 potions of haste {unknown}
 o - 2 potions of might {unknown}
 q - 2 potions of heal wounds
 w - a potion of curing
 x - a potion of mutation
Miscellaneous
 e - a piece from Xom's chessboard (14/15)


   Skills:
 - Level 3.8 Fighting
 + Level 0.8 Axes
 - Level 2.1 Armour
 - Level 0.7 Dodging
 - Level 1.1 Stealth
 + Level 4.3 Evocations


You had 4 spell levels left.
You didn't know any spells.
Your spell library contained the following spells:

 Spells                   Type           Power      Damage    Failure   Level
 Slow                     Hex            0%         N/A       41%         1
 Confusing Touch          Hex            0%         N/A       78%         3
 Yara's Violent Unravell  Hex/Tmut       0%         3d3       100%        5


Dungeon Overview and Level Annotations

Branches:
Dungeon (4/15)
 Temple: D:4-7

Altars:
Elyvilon
Gozag

Shops:
D:4 !


Innate Abilities, Weirdness & Mutations

You are immune to sickness and miasma.
Your stone body is resilient. (AC +4)
You are immune to poison.
You resist negative energy. (rN+)
You are resistant to electric shocks. (rElec)
You are resistant to unholy torment.
You are immune to petrification.


Message History

What are your orders? t - Shout!
Orders for allies: a - Attack new target. p - Attack previous target. r - Retreat! s - Stop attacking. g - Guard the area. f - Follow me.
Anything else - Cancel.
Gang up on whom?
Press: ? - help, Dir - move target, f/p - orc
Aim: an orc, wielding a +0 club and quivering poisoned darts (ally target) Attack!
Your iguana bites something!
Reactivating autopickup.
You feel a bit more experienced.
The orc throws a boomerang.
The boomerang hits your iguana. What are your orders? t - Shout!
Orders for allies: a - Attack new target. p - Attack previous target. r - Retreat! s - Stop attacking. g - Guard the area. f - Follow me.
Anything else - Cancel.
Gang up on whom?
Press: ? - help, Dir - move target, f/p - orc
Aim: an orc, wielding a +0 club and quivering poisoned darts (ally target) Attack!
The orc throws a boomerang.
The boomerang hits your iguana but does no damage.
Your iguana closely misses the orc.
The orc hits your iguana with a +0 flail.
Your iguana dies!
The orc throws a boomerang.
The boomerang closely misses you. The orc hits you with a +0 flail.
* * * LOW HITPOINT WARNING * * *
Items here: )) ††.
You hit the orc.
You kill the orc!
The orc throws a poisoned dart.
The poisoned dart hits you. The orc misses you.
Items here: ! ( ))) [[ †††.
You hit the orc.
The orc is heavily wounded.
The orc hits you with a +0 club.
You die...

##### ####
###...#####...###
#.....o@).......#
##.##'#######+##.#
#..#...# ...#.
#.o..8.## .8.l.
#.##.o..# ....# #o
##...###...# #.
#.o..#....# #.
##...)...# #.
#.>)8.<.#


You could see an orc.

Vanquished Creatures
  An orc priest (D:3)
  3 adders
  A worm (D:3)
  3 dart slugs
  9 orcs
  3 bats
  4 endoplasms
  3 giant cockroaches
  7 goblins
  8 hobgoblins
  6 jackals
  4 quokkas
  8 ball pythons
  3 frilled lizards
  3 kobolds (D:1)
  3 rats
69 creatures vanquished.

Vanquished Creatures (collateral kills)
  An orc wizard (D:4)
  An orc (D:4)
2 creatures vanquished.

Vanquished Creatures (others)
  An iguana (D:4)
  2 orcs (D:4)
3 creatures vanquished.

Grand Total: 74 creatures vanquished

Notes
Turn   | Place    | Note
-------+----------+-------------------------------------------
     0 | D:1      | ragingrage the Gargoyle Artificer began the quest for the
                  | Orb.
     0 | D:1      | Reached XP level 1. HP: 12/12 MP: 1/1
   401 | D:1      | Reached XP level 2. HP: 17/17 MP: 2/2
   474 | D:1      | Reached skill level 3 in Evocations
  1100 | D:1      | Reached XP level 3. HP: 22/22 MP: 3/3
  1875 | D:2      | Found a faded altar of an unknown god.
  2268 | D:1      | HP: 1/22 [worm (8)]
  2984 | D:2      | Found a white marble altar of Elyvilon.
  3355 | D:3      | Reached XP level 4. HP: 26/27 MP: 4/4
  3796 | D:3      | Reached skill level 4 in Evocations
  4054 | D:3      | Reached XP level 5. HP: 25/32 MP: 5/5
  4745 | D:4      | Found Zacw's Distillery.
  4749 | D:4      | Bought a potion of curing for 36 gold pieces
  4749 | D:4      | Bought a potion of heal wounds for 60 gold pieces
  4749 | D:4      | Bought a potion of mutation for 96 gold pieces
  4798 | D:4      | Found an opulent altar of Gozag.
  4986 | D:4      | Slain by an orc

Illustrated notes

Levels and vault maps discovered:
D:1:      dpeg_arrival_ternary, layout_basic
D:2:      cheibrodos_helix_gallery, layout_basic, serial_glass, glass_columns_a,
          glass_columns_a, minmay_strange_pillars, item_on_display_a,
          due_unseen_surprise, feat_on_display,
          shapermc_ecumenical_altar_starsandcircs, basic_altar
D:3:      layout_rooms, saegor_snake_ambush
D:4:      layout_rooms, nicolae_overflow_hidden_temple, serial_shops,
          nicolae_shop_hallway_stairs, serial_rivers,
          chequers_serial_rivers_micro_b, chequers_serial_rivers_room_b,
          chequers_serial_rivers_micro_a, chequers_serial_rivers_small_a,
          grunt_ministairs_13, hangedman_decor_points

Skill      XL: |  1  2  3  4 |
---------------+-------------+-----
Evocations     | 3 4 |  4.3
Fighting       | 2 3 |  3.8
Axes           | |  0.8
Armour         | |  2.1
Dodging        | |  0.7
Stealth        | |  1.1

Action                   |  1- 3 |  4- 6 || total
-------------------------+-------+-------++-------
Melee: Club              |    46 |       ||    46
       Short sword       |    61 |       ||    61
       Staff             |    67 |   162 ||   229
Throw: Boomerang         |     5 |     6 ||    11
Evoke: Wand              |       |     6 ||     6
       Piece from Xom's  |       |     1 ||     1
 Stab: Sleeping          |     4 |       ||     4
Armor: Leather armour    |    89 |    98 ||   187
Dodge: Dodged            |   124 |   134 ||   258

Table legend: (Time is in decaauts)
 A = Elapsed time spent in this place.
 B = Non-inter-level travel time spent in this place.
 C = Inter-level travel time spent in this place.
 D = Time resting spent in this place.
 E = Time spent auto-exploring this place.
 F = Levels seen in this place.
 G = Mean time per level.
                   A        B        C        D        E       F      G
               +--------+--------+--------+--------+--------+-----+--------+
         Total |   5074 |   4945 |    129 |   1331 |   2738 |   4 | 1268.5 |
       Dungeon |   5074 |   4945 |    129 |   1331 |   2738 |   4 | 1268.5 |
               +--------+--------+--------+--------+--------+-----+--------+

Top non-repeatable levels by time:
     D:1: 2401 daAuts
     D:3: 1486 daAuts
     D:2: 936 daAuts
     D:4: 250 daAuts
